 Dungeon Crawl Stone Soup version 0.29.0-7-g18a832c13a (webtiles) character file.

Game seed: 16691591252943269105

8864 Gurantaxtaxq the Thaumaturge (level 11, -3/77 HPs)
             Began as a Djinni Fire Elementalist on Aug 30, 2022.
             Was a Priest of Makhleb.
             Slain by a yak (11 damage)
             ... on level 10 of the Dungeon on Aug 31, 2022.
             The game lasted 01:26:48 (9007 turns).

Gurantaxtaxq the Thaumaturge (DjFE)                 Turns: 9007, Time: 01:26:48

Health: -3/77      AC:  5    Str:  7    XL:     11   Next: 63%
Gold:   223        EV: 15    Int: 21    God:    Makhleb [***...] SH:  0 Dex: 14

rFire   + + +      SeeInvis .   M - +9 dagger "Uho Jiug" {freeze, rN+}
rCold   x x .      Faith    .   (no shield)
rNeg    + . .      Spirit   .   a - +0 robe
rPois   ∞          Reflect  .   E - +0 helmet
rElec   .          Harm     .   i - +0 cloak
rCorr   .          Rampage  .   F - +0 pair of gloves
Will    +....                   (boots unavailable)
Stlth   ++........              G - amulet of regeneration
HPRegen 1.02/turn               n - ring of protection from fire
MPRegen 0.00/turn               p - ring of fire

@: flying
A: sickness immunity, fire resistance 2, cold vulnerability 1, float, innate
caster, HP casting, extra vitality 1
a: Renounce Religion, Minor Destruction, Lesser Servant of Makhleb


You were on level 10 of the Dungeon.
You worshipped Makhleb.
Makhleb was most pleased with you.
You visited 2 branches of the dungeon, and saw 11 of its levels.
You also visited: Sewer.

You collected 553 gold pieces.
You spent 330 gold pieces at shops.

Inventory:

Hand Weapons
 M - the +9 dagger "Uho Jiug" (weapon) {freeze, rN+}
   (You found it on level 5 of the Dungeon)

   It freezes those it strikes, dealing additional cold damage.
   It can also slow down cold-blooded creatures.
   rN:        It protects you from negative energy.
 V - the +8 great sword of Giodulu {drain, Will+ Int+4}
   (You found it on level 8 of the Dungeon)

   A truly terrible weapon, it drains the life of any living foe it strikes.
   Int:       It affects your intelligence (+4).
   Will:      It increases your willpower.
 W - the +6 shillelagh "Devastator" {shatter}
   (You found it on level 8 of the Dungeon)

   It releases a powerful concussive burst when it strikes, dealing extra damage
   to the target and all other foes adjacent to them.
Missiles
 r - 44 poisoned darts
 s - 2 curare-tipped darts
Armour
 a - a +0 robe (worn)
 i - a +0 cloak (worn)
 E - a +0 helmet (worn)
 F - a +0 pair of gloves (worn)
 L - an orb of wrath
 R - a +0 buckler
 T - a +0 kite shield
Magical Staves
 X - a staff of conjuration
Jewellery
 k - an amulet of the acrobat
 n - a ring of protection from fire (left hand)
 p - a ring of fire (right hand)
 G - an amulet of regeneration (around neck)
 P - a +6 ring of dexterity
Wands
 e - a wand of mindburst (19)
 C - a wand of polymorph (5)
 H - a wand of flame (17)
 K - a wand of iceblast (8)
Scrolls
 b - 11 scrolls of identify {unknown}
 g - 3 scrolls of enchant armour {unknown}
 h - 4 scrolls of immolation {unknown}
 j - a scroll of noise {unknown}
 m - a scroll of summoning {unknown}
 o - 2 scrolls of teleportation {unknown}
 t - 3 scrolls of amnesia {unknown}
 w - 2 scrolls of blinking {unknown}
 x - 2 scrolls of fear {unknown}
 y - 2 scrolls of magic mapping {unknown}
 z - 3 scrolls of vulnerability {unknown}
 D - 3 scrolls of enchant weapon {unknown}
 I - a scroll of poison {unknown}
 O - a scroll of brand weapon {unknown}
Potions
 c - a potion of mutation {unknown}
 d - a potion of experience {unknown}
 f - 2 potions of berserk rage {unknown}
 l - 4 potions of curing {unknown}
 q - a potion of resistance {unknown}
 u - 2 potions of might {unknown}
 v - 5 potions of heal wounds {unknown}
 A - 5 potions of attraction {unknown}
 B - a potion of magic {unknown}
 J - 2 potions of lignification {unknown}
 N - 2 potions of invisibility {unknown}
 Q - 3 potions of haste {unknown}
 S - 3 potions of brilliance {unknown}
 U - a potion of cancellation {unknown}


   Skills:
 + Level 6.3 Fighting
 + Level 7.6 Dodging
 - Level 1.5 Stealth
 + Level 4.4 Shields
 + Level 11.1 Spellcasting


You had 5 spell levels left.
You knew the following spells:

 Your Spells              Type           Power      Damage    Failure   Level
a - Foxfire               Conj/Fire      100%       2x1d9     1%          1
b - Scorch                Fire           100%       2d10      1%          2
c - Conjure Flame         Conj/Fire      73%        6-21      1%          3
d - Inner Flame           Hex/Fire       73%        N/A       1%          3
e - Flame Wave            Conj/Fire      73%        2d16      1%          4
f - Slow                  Hex            100%       N/A       1%          1
g - Ensorcelled Hibernat  Hex/Ice        100%       N/A       1%          2
h - Portal Projectile     Hex/Tloc       100%       N/A       1%          3
i - Olgreb's Toxic Radia  Pois           55%        N/A       1%          4
j - Leda's Liquefaction   Hex/Erth       27%        N/A       1%          4
Your spell library was empty.

Dungeon Overview and Level Annotations

Branches:
Dungeon (10/15)            Temple (1/1) D:5             Orc (0/2) D:9
  Sewer (visited)
   Lair: D:8-11

Altars:
Ashenzari
Cheibriados
Dithmenos
Elyvilon
Fedhas
Gozag
Hepliaklqana
Makhleb
Nemelex Xobeh
Okawaru
Trog
Uskayaw
Wu Jian
Yredelemnul
Zin
The Shining One

Shops:
D:2 [   D:3 =   D:6 (*


Innate Abilities, Weirdness & Mutations

You are immune to sickness and miasma.
You are immune to poison.
Your flesh is very heat resistant. (rF++)
You are vulnerable to cold. (rC-)
You float through the air rather than walking.
You learn spells naturally, not from books.
Your magical power is your life essence.
You have superior vitality. (+4 MHP)


Message History

The yak closely misses you. The yak gores you! The yak closely misses you. x2
There is a stone staircase leading up here.
The yak closely misses you. The yak gores you! The yak completely misses you.
Casting: Flame Wave (mildly dangerous; 1% risk of failure)
Press: ? - help, Q - select action, (/) - cycle Dir - look around, f - activate You feel a surge of power!
A wave of flame ripples out!
The flame wave engulfs the yak!
The yak is moderately wounded.
The flame wave engulfs the yak!
The yak is moderately wounded.
The flame wave engulfs the yak!!
The yak is severely wounded. (Press . to intensify the flame waves.)
The yak gores you! The yak gores you but does no damage. The yak gores you!
Unknown command.
A wave of flame ripples out!
The flame wave engulfs the yak!!
The yak is almost dead.
The flame wave engulfs the yak!
The yak is severely wounded.
The flame wave engulfs the yak.
The yak is severely wounded.
The yak gores you!
* * * LOW HITPOINT WARNING * * *
The yak gores you.
* * * LOW HITPOINT WARNING * * *
The yak gores you.
* * * LOW HITPOINT WARNING * * *
You can no longer hurl Makhleb's greater destruction.
A wave of flame ripples out!
The flame wave engulfs the yak!!
You kill the yak!
Makhleb accepts your kill.
You feel better.
The flame wave engulfs the yak!
The yak is almost dead.
The flame wave engulfs the yak.
The yak is almost dead.
* * * LOW HITPOINT WARNING * * *
You finish channelling waves of flame.
The yak gores you.
* * * LOW HITPOINT WARNING * * *
The yak gores you!
You die...

#....#.
.....
.....
#...#
#...#
#/..#
#.YY#
#†@.#
#.#.#
#. .#
## ##


You could see 2 yaks.

Vanquished Creatures
  A two-headed ogre (D:8)
  Amaemon (D:9)
  An orange demon (D:9)
  A hornet (D:8)
  2 slime creatures (D:5)
  Prince Ribbit (D:8)
  19 yaks
  Menkaure (D:6)
  A water moccasin (D:7)
  4 orc warriors
  2 sky beasts
  The ghost of keekatzer the Grasshopper, an amateur NaWr of Cheibriados (D:3)
  3 centaurs
  A phantom (D:6)
  6 kobold brigands
  2 gnoll sergeants (D:8)
  2 necrophages (D:5)
  2 bullfrogs
  2 scorpions
  10 killer bees
  3 howler monkeys
  7 orc priests
  9 jellies
  2 hounds
  Crazy Yiuf (D:7)
  13 orc wizards
  3 iguanas (D:6)
  Robin (D:4)
  13 adders
  10 gnolls (D:8)
  4 river rats
  2 white imps
  An ufetubus (D:7)
  13 worms
  3 dart slugs
  26 orcs
  12 ball pythons
  12 bats
  10 endoplasms
  4 giant cockroaches
  12 goblins
  8 hobgoblins
  3 jackals (Sewer)
  10 quokkas
  3 frilled lizards
  19 kobolds
  5 rats
272 creatures vanquished.

Vanquished Creatures (collateral kills)
  A foxfire (D:5)
1 creature vanquished.

Vanquished Creatures (others)
  A wizard (D:5)
  An orc (D:6)
  370 foxfires
  5 fungi (D:5)
  A plant (D:6)
  10 toadstools (D:5)
388 creatures vanquished.

Grand Total: 661 creatures vanquished

Notes
Turn   | Place    | Note
-------+----------+-------------------------------------------
     0 | D:1      | Gurantaxtaxq the Djinni Fire Elementalist began the quest
                  | for the Orb.
     0 | D:1      | Gurantaxtaxq set off with the following spells memorised:
                  | Foxfire, Scorch, Conjure Flame, Inner Flame, Flame Wave.
     0 | D:1      | Reached XP level 1. HP: 15/15 MP: 0/0
   202 | D:1      | Reached XP level 2. HP: 9/21 MP: 0/0
   367 | D:1      | Found a faded altar of an unknown god.
   451 | D:1      | Reached skill level 3 in Spellcasting
   901 | D:2      | Reached XP level 3. HP: 16/25 MP: 0/0
   901 | D:2      | Learned a level 1 spell: Slow
  1189 | D:2      | Reached XP level 4. HP: 22/31 MP: 0/0
  1589 | D:2      | Found Ijadoqec's Antique Armour Shoppe.
  1905 | D:3      | Reached skill level 4 in Spellcasting
  1906 | D:3      | Found a runed translucent door.
  1908 | D:3      | Noticed keekatzer's ghost (amateur NaWr)
  2001 | D:3      | Found Yjivas's Jewellery Boutique.
  2088 | D:3      | Reached XP level 5. HP: 34/35 MP: 0/0
  2088 | D:3      | Learned a level 2 spell: Ensorcelled Hibernation
  2280 | D:3      | Found a glowing drain.
  2366 | Sewer    | Entered a sewer
  2509 | Sewer    | Reached XP level 6. HP: 15/40 MP: 0/0
  2714 | Sewer    | Reached skill level 5 in Spellcasting
  3345 | D:3      | Killed keekatzer's ghost
  3723 | D:4      | Noticed Robin
  3848 | D:4      | Killed Robin
  4029 | D:4      | Reached XP level 7. HP: 44/45 MP: 0/0
  4029 | D:4      | Learned a level 3 spell: Portal Projectile
  4086 | D:4      | Found a snail-covered altar of Cheibriados.
  4366 | D:3      | Bought an amulet of regeneration for 330 gold pieces
  4422 | D:5      | Entered Level 5 of the Dungeon
  4451 | D:5      | Reached skill level 6 in Spellcasting
  4534 | D:5      | Found a staircase to the Ecumenical Temple.
  4550 | Temple   | Entered the Ecumenical Temple
  4563 | Temple   | Became a worshipper of Makhleb the Destroyer
  5034 | D:5      | Reached XP level 8. HP: 37/50 MP: 0/0
  5035 | D:5      | Reached skill level 7 in Spellcasting
  5121 | D:5      | Identified the +9 dagger "Uho Jiug" {freeze, rN+}
  5160 | D:5      | Found a bloodstained altar of Trog.
  5163 | D:5      | Noticed a wizard
  5168 | D:5      | Killed a wizard
  5348 | D:5      | Reached * piety under Makhleb
  5385 | D:5      | Reached skill level 8 in Spellcasting
  5392 | D:5      | Noticed a slime creature
  5392 | D:5      | Noticed a slime creature
  5409 | D:5      | Killed a slime creature
  5410 | D:5      | Reached XP level 9. HP: 12/55 MP: 0/0
  5410 | D:5      | Learned a level 4 spell: Olgreb's Toxic Radiance
  5502 | D:5      | Killed a slime creature
  5503 | D:5      | Reached skill level 9 in Spellcasting
  5982 | D:6      | Found a shadowy altar of Dithmenos.
  6036 | D:6      | Found a hazy altar of Hepliaklqana.
  6115 | D:6      | Noticed Menkaure
  6119 | D:6      | Killed Menkaure
  6132 | D:6      | Found Tais's Lightly-Used Armoury.
  6141 | D:6      | Identified the +6 leather armour "Huttoxao" {-Cast +Inv
                  | rElec Dex+7}
  6285 | D:6      | Found Qoat's Hydra Hut.
  6286 | D:6      | Noticed a six-headed hydra
  6406 | D:7      | Reached skill level 10 in Spellcasting
  6426 | D:7      | Reached skill level 1 in Fighting
  6438 | D:7      | Reached ** piety under Makhleb
  6542 | D:7      | Found a runed translucent door.
  6543 | D:7      | Noticed Crazy Yiuf
  6548 | D:7      | Killed Crazy Yiuf
  6549 | D:7      | Reached XP level 10. HP: 45/64 MP: 0/0
  6946 | D:8      | Noticed a two-headed ogre
  7048 | D:8      | Noticed Prince Ribbit
  7051 | D:8      | Killed Prince Ribbit
  7092 | D:8      | Found a hazy altar of Hepliaklqana.
  7185 | D:8      | Reached skill level 5 in Dodging
  7378 | D:8      | Found an ornate altar of the Wu Jian Council.
  7471 | D:8      | Noticed a two-headed ogre
  7490 | D:8      | Reached skill level 1 in Shields
  7490 | D:8      | Killed a two-headed ogre
  7491 | D:8      | Reached *** piety under Makhleb
  7689 | D:8      | Identified the +8 great sword of Giodulu {drain, Will+
                  | Int+4}
  7779 | D:8      | Noticed a two-headed ogre
  7779 | D:8      | Noticed a two-headed ogre
  7785 | D:8      | Noticed a gargoyle
  7890 | D:8      | Found the +6 shillelagh "Devastator" {shatter}
  7992 | D:9      | Found a staircase to the Orcish Mines.
  8007 | D:9      | Reached skill level 5 in Fighting
  8035 | D:9      | Reached XP level 11. HP: 74/75 MP: 0/0
  8035 | D:9      | Learned a level 4 spell: Leda's Liquefaction
  8275 | D:9      | Reached skill level 11 in Spellcasting
  8472 | D:9      | Noticed Amaemon
  8493 | D:9      | Killed Amaemon
  8931 | D:10     | Entered Level 10 of the Dungeon
  8958 | D:9      | Reached **** piety under Makhleb
  9007 | D:10     | Slain by a yak

Illustrated notes

Levels and vault maps discovered:
D:1:      giann_forest_graveyard, layout_basic,
          hellmonk_ecumenical_altar_heavens_door, hangedman_decor_points
D:2:      layout_loops_corners, serial_shops, nicolae_shop_hallway_plus
D:3:      layout_basic, gup_sewer_entry_spiral, serial_shops,
          nicolae_square_shop, ebering_ghost_reflecting_pool,
          chequers_serial_rivers_small_b
D:4:      layout_cave_pools, kennysheep_mini_moat, kennysheep_generic_room_6,
          uniq_robin
D:5:      cheibrodos_fertilizer, layout_basic, trog_wizard,
          minmay_temple_entry_gardened_gates, moated_statue, hex_medium,
          nicolae_wormholes
D:6:      layout_basic, chequers_garden, hangedman_feature_mirror,
          minmay_misc_feat_hallway, minmay_shop_damaged, doesnt_shop_hydraphobe,
          uniq_menkaure
D:7:      layout_basic, uniq_crazy_yiuf_cottage
D:8:      layout_gridville, pdpol_wu_jian_five_deadly_venoms,
          worldfamousw_hep_ancestral_shrine, dilly_guarded_unrand_devastator,
          uniq_prince_ribbit1
D:9:      layout_gridville, orc_0_dummy, uniq_amaemon
D:10:     layout_basic
Temple:   hc_temple_tempest_star

Skill      XL: |  1  2  3  4  5  6  7  8  9 10 11 |
---------------+----------------------------------+-----
Spellcasting   | 3 4 5 6 8 10 11 | 11.1
Fighting       | 1 5 6 |  6.3
Dodging        | 3 6 7 |  7.6
Shields        | 2 4 |  4.4
Stealth        | |  1.5

Action                   |  1- 3 |  4- 6 |  7- 9 | 10-12 || total
-------------------------+-------+-------+-------+-------++-------
Melee: Unarmed           |     3 |       |       |       ||     3
       Dagger            |       |     1 |     2 |     2 ||     5
       Mace              |       |     2 |       |       ||     2
 Cast: Foxfire           |    27 |   105 |    45 |    38 ||   215
       Scorch            |       |    11 |   126 |   119 ||   256
       Conjure Flame     |       |       |     2 |     2 ||     4
       Flame Wave        |       |       |       |    13 ||    13
Armor: Robe              |     7 |     7 |     6 |     7 ||    27
Dodge: Dodged            |    12 |    32 |    33 |    51 ||   128
